 Dungeon Crawl Stone Soup version 0.29-a0-1019-g84f7d21838 (webtiles) character file.

Game seed: 14101209116455345988

4150 siradein the Fighter (level 10, -9/90 HPs)
             Began as a Ghoul Fighter on Aug 10, 2022.
             Mangled by Amaemon
             ... wielding a +1 demon whip of venom
              (18 damage)
             ... on level 8 of the Dungeon.
             The game lasted 00:16:13 (7392 turns).

siradein the Fighter (Ghoul Fighter)                Turns: 7392, Time: 00:16:13

Health: -9/90      AC: 12    Str: 21    XL:     10   Next: 27%
Magic:  0/9        EV:  7    Int:  3    God:
Gold:   522        SH:  7    Dex: 21    Spells: 9/9 levels left

rFire   . . .      SeeInvis +   q - +9 hand axe "Ghoul's Death" {vamp, rElec Dex+9}
rCold   + . .      Faith    .   c - +0 buckler
rNeg    + + +      Spirit   +   j - +0 chain mail
rPois   ∞          Reflect  .   (no helmet)
rElec   +          Harm     .   x - +1 cloak
rCorr   .          Rampage  .   (no gloves)
Will    .....                   (no boots)
Stlth   ..........              l - amulet of guardian spirit
HPRegen 0.00/turn               E - ring of see invisible
MPRegen 0.11/turn               (no ring)

@: mighty, inhibited regen
A: claws 1, cold resistance 1, negative energy resistance 3, inhibited
regeneration, torment resistance 2, devour on kill
a: no special abilities


You were on level 8 of the Dungeon.
You visited 1 branch of the dungeon, and saw 8 of its levels.
You also visited: Sewer.

You collected 534 gold pieces.
You spent 12 gold pieces at shops.

Inventory:

Hand Weapons
 q - the +9 hand axe "Ghoul's Death" (weapon) {vamp, rElec Dex+9}
   (You found it on level 3 of the Dungeon)

   It occasionally heals its wielder for a portion of the damage dealt when it
   wounds a living foe.
   Dex:       It affects your dexterity (+9).
   rElec:     It insulates you from electricity.
 G - a +3 trident
Missiles
 e - 69 stones (quivered)
 F - 2 throwing nets
Armour
 c - a +0 buckler (worn)
 j - a +0 chain mail (worn)
 x - a +1 cloak (worn)
Jewellery
 a - a +4 ring of protection
 l - an amulet of guardian spirit (around neck)
 w - an amulet of magic regeneration
 E - a ring of see invisible (left claw)
Wands
 C - a wand of charming (9)
Scrolls
 f - 4 scrolls of teleportation {unknown}
 g - 2 scrolls of summoning {unknown}
 n - a scroll of identify
 o - a scroll of amnesia
 p - a scroll of enchant armour
 r - 2 scrolls of torment {unknown}
 s - a scroll of fear {unknown}
 u - 3 scrolls of butterflies {unknown}
 y - a scroll of magic mapping {unknown}
 B - 3 scrolls of poison {unknown}
 D - 2 scrolls of blinking {unknown}
Potions
 b - 2 potions of cancellation
 d - 4 potions of might
 h - a potion of magic
 i - 6 potions of curing
 k - a potion of resistance
 m - a potion of flight
 t - a potion of mutation {unknown}
 v - 3 potions of haste
 z - a potion of ambrosia {unknown}
 A - a potion of brilliance {unknown}


   Skills:
 + Level 8.7 Fighting
 + Level 6.9 Polearms
 + Level 7.2 Armour
 + Level 7.2 Shields


You had 9 spell levels left.
You didn't know any spells.
Your spell library contained the following spells:

 Spells                   Type           Power      Damage    Failure   Level
 Summon Small Mammal      Summ           0%         N/A       99%         1
 Call Canine Familiar     Summ           0%         N/A       100%        3
 Summon Guardian Golem    Hex/Summ       0%         N/A       100%        3
 Summon Ice Beast         Ice/Summ       0%         N/A       100%        4
 Summon Mana Viper        Hex/Summ       0%         N/A       100%        5
 Monstrous Menagerie      Summ           0%         N/A       100%        7
 Summon Hydra             Summ           0%         N/A       100%        7
 Sublimation of Blood     Necr           Unusable   N/A       N/A         2
 Wereblood                Tmut           Unusable   N/A       N/A         2

Dungeon Overview and Level Annotations

Branches:
Dungeon (8/15)              Sewer (visited)
 Temple: D:4-7         Lair: D:8-11

Altars:
Ashenzari
Gozag
Makhleb
Qazlal
Trog
Wu Jian
Xom

Shops:
D:4 !

Annotations:
D:8 3 runed translucent doors, Amaemon; ytrimaz's ghost, novice FoFi


Innate Abilities, Weirdness & Mutations

You are immune to poison.
You have sharp fingernails.
Your flesh is cold resistant. (rC+)
You are immune to negative energy. (rN+++)
You do not regenerate when monsters are visible.
You are immune to unholy pain and torment.
You thrive by killing the living.


Message History

You slash Amaemon!
Amaemon is lightly wounded.
Amaemon hits you with a +1 demon whip of venom!
Amaemon barely misses you.
Amaemon tail-slaps you but does no damage.
You hit Amaemon.
Amaemon is lightly wounded.
Amaemon hits you with a +1 demon whip of venom!!
You block Amaemon's attack. Amaemon tail-slaps you.
You hit Amaemon.
You feel better.
Amaemon is lightly wounded.
Amaemon hits you but does no damage. Amaemon claws you but does no damage.
Amaemon tail-slaps you!
You feel very mighty all of a sudden. Amaemon barely misses you.
Amaemon claws you but does no damage.
Amaemon tail-slaps you but does no damage.
You slash Amaemon!
You feel better.
Amaemon is moderately wounded.
Amaemon hits you with a +1 demon whip of venom!!
Amaemon closely misses you. You block Amaemon's attack.
You slash Amaemon!
Amaemon is moderately wounded.
Amaemon hits you with a +1 demon whip of venom!
* * * LOW HITPOINT WARNING * * *
Amaemon claws you but does no damage. You block Amaemon's attack. x2
Amaemon barely misses you. Amaemon tail-slaps you!
* * * LOW HITPOINT WARNING * * *
Okay, then.
Okay, then.
Okay, then.
Unknown command.
As you read the scroll labelled TIATOWYWNE, it crumbles to dust.
It is a scroll of amnesia.
You feel forgetful for a moment. You block Amaemon's attack.
Amaemon closely misses you. Amaemon barely misses you.
As you read the scroll labelled QYXIME TALU, it crumbles to dust.
It is a scroll of enchant armour.
Your +0 cloak glows green for a moment.
Amaemon hits you with a +1 demon whip of venom!!
You die...

#........#........#.#......######
#.............#...#.#############
#.##...>.........................
#.##.....#......................#
# #.#...#.. #####...####.#####.#
. ..6....######...# #..# #.# ...
..............# ##.# #.#
.....#.#######....#####.####.#
............6@............4...
....##.#######....#####.###..# .
#. #.#### #.# #..# #. #.#
#.###..# #. #.# ######..##..# ..
#.#.............# #.
..#.#######.##.## #. ..
........). #####.#.##


You could see Amaemon (strong).

Vanquished Creatures
  An orange demon (D:8)
  Prince Ribbit (D:8)
  Grinder (D:4)
  A shadow (D:7)
  Eustachio (D:4)
  A steam dragon (D:7)
  Pargi (Sewer)
  3 water moccasins
  A black bear (D:6)
  2 sky beasts (D:7)
  An ice beast (D:5)
  4 ogres
  2 kobold brigands
  3 bullfrogs
  3 necrophages
  2 scorpions (D:5)
  3 wights (D:8)
  5 howler monkeys
  4 jellies
  3 hounds
  3 orc priests (D:8)
  Jessica (D:3)
  6 iguanas
  3 orc wizards (D:5)
  10 gnolls
  12 adders
  A shadow imp (D:5)
  A white imp (D:5)
  4 ufetubi
  3 worms
  3 dart slugs
  32 orcs
  7 endoplasms
  3 giant cockroaches
  4 goblins
  2 hobgoblins
  12 jackals
  5 quokkas
  9 ball pythons
  7 bats
  3 frilled lizards
  12 kobolds
  4 rats
190 creatures vanquished.

Notes
Turn   | Place    | Note
-------+----------+-------------------------------------------
     0 | D:1      | siradein the Ghoul Fighter began the quest for the Orb.
     0 | D:1      | Reached XP level 1. HP: 19/19 MP: 0/0
   129 | D:1      | Found a faded altar of an unknown god.
   174 | D:1      | Reached XP level 2. HP: 15/26 MP: 1/1
   801 | D:2      | Reached XP level 3. HP: 31/31 MP: 2/2
  1101 | D:2      | Reached XP level 4. HP: 36/40 MP: 3/3
  1265 | D:2      | Found a shimmering altar of Xom.
  1415 | D:3      | Reached skill level 4 in Fighting
  1536 | D:3      | Found an opulent altar of Gozag.
  1552 | D:3      | Reached XP level 5. HP: 23/46 MP: 2/4
  1994 | D:3      | Identified the +9 hand axe "Ghoul's Death" {vamp, rElec
                  | Dex+9}
  2005 | D:3      | Noticed Jessica
  2008 | D:3      | Killed Jessica
  2402 | D:4      | Found a glowing drain.
  2415 | Sewer    | Entered a sewer
  2533 | Sewer    | Noticed Pargi
  2543 | Sewer    | Killed Pargi
  2544 | Sewer    | Reached XP level 6. HP: 53/53 MP: 3/5
  2746 | D:4      | Found a stormy altar of Qazlal.
  2746 | D:4      | Found a shimmering altar of Xom.
  2804 | D:4      | Noticed Grinder
  2818 | D:4      | Killed Grinder
  2819 | D:4      | Reached skill level 5 in Fighting
  2819 | D:4      | Reached XP level 7. HP: 46/61 MP: 4/6
  2926 | D:4      | Found Boatoth's Distillery.
  2974 | D:4      | Bought a potion of degeneration for 12 gold pieces
  3048 | D:4      | Noticed Eustachio
  3065 | D:4      | Killed Eustachio
  3518 | D:4      | Reached XP level 8. HP: 62/70 MP: 4/7
  3526 | D:4      | Reached skill level 6 in Fighting
  3526 | D:4      | Reached skill level 5 in Armour
  3529 | D:4      | Reached skill level 5 in Shields
  3774 | D:5      | Entered Level 5 of the Dungeon
  3884 | D:5      | Reached skill level 5 in Polearms
  4135 | D:5      | Reached XP level 9. HP: 77/78 MP: 8/8
  4196 | D:5      | Reached skill level 7 in Fighting
  5064 | D:6      | Found a burning altar of Makhleb.
  5453 | D:7      | Found an ornate altar of the Wu Jian Council.
  5537 | D:7      | Found a broken altar of Ashenzari.
  6080 | D:7      | Reached skill level 8 in Fighting
  6473 | D:8      | Noticed Prince Ribbit
  6517 | D:8      | Killed Prince Ribbit
  6733 | D:8      | Found a bloodstained altar of Trog.
  6739 | D:8      | Reached XP level 10. HP: 74/88 MP: 5/9
  6804 | D:8      | Found a runed translucent gate.
  6806 | D:8      | Found a runed translucent gate.
  6806 | D:8      | Found a runed translucent gate.
  6806 | D:8      | Found an opulent altar of Gozag.
  6806 | D:8      | Noticed a rakshasa
  6806 | D:8      | Noticed ytrimaz's ghost (novice FoFi)
  7012 | D:8      | Noticed an orange demon
  7040 | D:8      | Killed an orange demon
  7373 | D:8      | Noticed Amaemon
  7392 | D:8      | Mangled by Amaemon

Illustrated notes

Levels and vault maps discovered:
D:1:      nicolae_arrival_somewhat_less_tricky_arrival, layout_rooms,
          hellmonk_ecumenical_altar_run_dry
D:2:      layout_rooms, basic_altar, palyth_stone_intersect
D:3:      layout_loops_cross, lemuel_doored_altar, grunt_ministairs_1,
          minmay_misc_feat_four_crosses, hangedman_decor_growths, uniq_jessica
D:4:      layout_basic, gammafunk_temple_overflow_elements, serial_shops,
          nicolae_stop_n_shop_2, portal_sewer_entry_a, kennysheep_donut,
          uniq_grinder, uniq_eustachio
D:5:      minmay_octagon_keep, layout_basic, kennysheep_mini
D:6:      kennysheep_steamy, layout_gridville, bloody_makhleb,
          minmay_temple_entry_butterflies
D:7:      layout_basic, ashenzari_conservatory_becter, jmf_multi_god_temple
D:8:      layout_basic, slow_altar_2, ebering_ghost_gozag,
          david_defended_altar_orc, uniq_amaemon, uniq_prince_ribbit1

Skill      XL: |  1  2  3  4  5  6  7  8  9 10 |
---------------+-------------------------------+-----
Polearms       | 2 3 4 5 6 |  6.9
Armour         | 3 4 5 6 7 |  7.2
Shields        | 3 4 5 6 7 |  7.2
Fighting       | 4 5 6 8 |  8.7

Action                   |  1- 3 |  4- 6 |  7- 9 | 10-12 || total
-------------------------+-------+-------+-------+-------++-------
Melee: Trident           |   115 |   120 |       |       ||   235
       Hand axe          |       |    46 |   310 |    69 ||   425
  Use: Scroll            |       |     4 |     3 |     2 ||     9
       Potion            |       |       |       |     1 ||     1
Armor: Scale mail        |    20 |       |       |       ||    20
       Chain mail        |    42 |   104 |   168 |    32 ||   346
Dodge: Dodged            |    54 |    48 |    96 |    17 ||   215
Block: Buckler           |    17 |    21 |    86 |    23 ||   147

Table legend: (Time is in decaauts)
 A = Elapsed time spent in this place.
 B = Non-inter-level travel time spent in this place.
 C = Inter-level travel time spent in this place.
 D = Time resting spent in this place.
 E = Time spent auto-exploring this place.
 F = Levels seen in this place.
 G = Mean time per level.
                   A        B        C        D        E       F      G
               +--------+--------+--------+--------+--------+-----+--------+
         Total |   7565 |   7350 |    215 |      3 |   5990 |   9 |  840.6 |
       Dungeon |   7314 |   7099 |    215 |      3 |   5799 |   8 |  914.2 |
         Sewer |    250 |    250 |      0 |      0 |    191 |   1 |  250.0 |
               +--------+--------+--------+--------+--------+-----+--------+

Top non-repeatable levels by time:
     D:4: 1191 daAuts
     D:3: 1044 daAuts
     D:8: 1014 daAuts
     D:7: 967 daAuts
     D:5: 930 daAuts
     D:6: 756 daAuts
     D:1: 730 daAuts
     D:2: 679 daAuts
   Sewer: 250 daAuts
